AoeStats
← matthijs.-

Arabia

509692288Analyzed
1v1 RM · 6d ago on Sep 27, 2026· 51m 2s· 2 players
Game mode
Random Map
Map size
Tiny (2 player)
Population
200
Speed
Normal
Resources
Standard
Victory
Conquest
Starting age
Dark Age
Ending age
Imperial Age
RankedLock teamsTeams togetherTeam positionsShared explorationLock speedFull tech treeHidden civsTurbo modeCheats
Victory
Defeat
🇪🇸 Huns · Spain
1138
+17
🇧🇪 Vietnamese · Belgium
1165
-17
OIBARRE
8:51 Loom
10:56 Feudal Age
11:34 Double-Bit Axe
15:11 Bloodlines
15:47 Wheelbarrow
17:22 Horse Collar
21:40 Castle Age
22:20 Fletching
23:38 Bodkin Arrow
24:43 Husbandry
26:05 Gold Mining
27:31 Padded Archer Armor
29:23 Bow Saw
29:55 Ballistics
30:49 Hand Cart
34:08 Imperial Age
33:58 Heavy Plow
34:27 Leather Archer Armor
34:53 Bracer
35:54 Parthian Tactics
36:46 Chemistry
36:27 Stone Mining
37:24 Heavy Cavalry Archer
40:36 Light Cavalry
43:34 Marauders
44:38 Forging
44:34 Scale Barding Armor
46:10 Iron Casting
47:03 Chain Barding Armor
52:16 Blast Furnace
matthijs.-
7:04 Loom
9:11 Feudal Age
11:08 Double-Bit Axe
19:14 Horse Collar
23:57 Castle Age
22:31 Fletching
23:12 Padded Archer Armor
24:06 Crossbowman
24:43 Bodkin Arrow
25:36 Wheelbarrow
31:46 Thumb Ring
33:44 Husbandry
33:54 Bloodlines
37:16 Imperial Age
35:32 Gold Mining
35:36 Elite Skirmisher
43:41 Bracer
44:09 Light Cavalry
44:40 Arbalester
47:32 Ballistics
47:28 Leather Archer Armor
47:27 Scale Barding Armor
47:33 Forging
Connection lost

Rejoining the realm…

Still unreachable

The connection could not be restored.

Session expired

The server has moved on; the page needs a fresh start.